 Dungeon Crawl Stone Soup version 0.24-a0-496-gbe733cd003 (webtiles) character file.

Game seed: 2870849875645464637

8612 milododd the Slicer (level 11, -4/92 HPs)
             Began as a Human Monk on July 13, 2019.
             Was an Elder of Sif Muna.
             Slain by a two-headed ogre
             ... wielding a +0 giant club
              (13 damage)
             ... on level 10 of the Dungeon.
             The game lasted 00:48:54 (14491 turns).

milododd the Slicer (Human Monk)                   Turns: 14491, Time: 00:48:56

Health: -4/92      AC:  8    Str: 15    XL:     11   Next: 59%
Magic:  16/25      EV: 16    Int: 13    God:    Sif Muna [****..]
Gold:   257        SH:  6    Dex: 21    Spells: 9/17 levels left

rFire    + + .     SeeInvis +   a - +4 mace "Kyacot" {venom, *Noise rF+ Str+2 Dex+6}
rCold    . . .     Gourm    +   g - +0 buckler
rNeg     . . .     Faith    .   H - +1 ring mail of Fadach {rF+ MP+9}
rPois    +         Spirit   .   e - +0 helmet
rElec    .         Reflect  .   (no cloak)
rCorr    .         Harm     .   (no gloves)
MR       .....                  (no boots)
Stlth    ++........             B - amulet of the gourmand
HPRegen  0.25/turn              z - ring of Henotheism {Wiz SInv}
MPRegen  0.19/turn              t - ring of poison resistance

@: no status effects
A: sense surroundings 1, robust 1
a: Channel Magic, Forget Spell, Divine Exegesis, Renounce Religion


You were on level 10 of the Dungeon.
You worshipped Sif Muna.
Sif Muna was greatly pleased with you.
You were very full.

You visited 2 branches of the dungeon, and saw 11 of its levels.

You collected 459 gold pieces.
You spent 202 gold pieces at shops.

Inventory:

Hand Weapons
 a - the +4 mace "Kyacot" (weapon) {venom, *Noise rF+ Str+2 Dex+6}
   (You found it on level 7 of the Dungeon)

   It poisons the flesh of those it strikes.
   It affects your strength (+2).
   It affects your dexterity (+6).
   It protects you from fire.
   It may make noises in combat.
Armour
 e - a +0 helmet (worn)
 g - a +0 buckler (worn)
 H - the +1 ring mail of Fadach (worn) {rF+ MP+9}
   (You found it on level 7 of the Dungeon)

   It protects you from fire.
   It affects your magic capacity (+9).
Jewellery
 f - an uncursed ring of magical power
 o - an uncursed ring of fire
 t - a ring of poison resistance (right hand)
 u - an uncursed ring of ice
 z - the ring of Henotheism (left hand) {Wiz SInv}
   (You bought it in a shop on level 5 of the Dungeon)

   [ring of wizardry]

   It improves your spell success rate.
   It lets you see invisible.
 B - an amulet of the gourmand (around neck)
 D - an uncursed ring of flight
Wands
 c - a wand of flame (9)
 n - a wand of clouds (5)
 F - a wand of iceblast (5)
 I - a wand of disintegration (5)
 J - a wand of paralysis (8)
Scrolls
 k - 2 scrolls of enchant armour
 p - 3 scrolls of remove curse
 w - 3 scrolls of teleportation
 x - a scroll of noise
 y - 2 scrolls of blinking
 A - 2 scrolls of enchant weapon
Potions
 d - a potion of resistance {unknown}
 h - a potion of curing
 i - a potion of ambrosia
 j - a potion of cancellation
 l - a potion of might {unknown}
 m - a potion of heal wounds
 r - 3 potions of brilliance
 s - a potion of flight
 C - 2 potions of magic
 E - 2 potions of lignification
 K - 4 potions of agility
Comestibles
 b - 5 chunks of flesh
 v - 9 rations


   Skills:
 + Level 7.3 Fighting
   Level 8.1 Short Blades
 + Level 2.4 Maces & Flails
 + Level 6.5 Armour
 + Level 7.4 Dodging
 - Level 2.0 Stealth
 - Level 5.4 Shields
 - Level 3.0 Unarmed Combat
 * Level 3.9 Spellcasting
 * Level 4.2 Conjurations
 * Level 4.3 Poison Magic


You had 9 spell levels left.
You knew the following spells:

 Your Spells              Type           Power        Failure   Level  Hunger
a - Stone Arrow           Conj/Erth      #.....       19%         3    ###....
b - Poisonous Vapours     Pois/Air       #.....       10%         2    ##.....
c - Mephitic Cloud        Conj/Pois/Air  #.......     14%         3    ###....

Your spell library contained the following spells:

 Spells                   Type           Power        Failure   Level  Hunger
 Sting                    Conj/Pois      ##..         2%          1    None
 Sandblast                Erth           #.....       16%         1    None
 Summon Small Mammal      Summ           #...         16%         1    None
 Call Imp                 Summ           #.......     22%         2    ##.....
 Passwall                 Tmut/Erth      #.......     22%         2    ##.....
 Olgreb's Toxic Radiance  Pois           ##......     26%         4    ####...
 Call Canine Familiar     Summ           #.......     41%         3    ###....
 Summon Guardian Golem    Hex/Summ       #.......     41%         3    ###....
 Venom Bolt               Conj/Pois      ##........   54%         5    ######.
 Petrify                  Tmut/Erth      #.......     80%         4    ####...
 Summon Ice Beast         Ice/Summ       #.......     80%         4    ####...
 Summon Lightning Spire   Summ/Air       #.......     80%         4    ####...
 Lee's Rapid Deconstruct  Erth           #.........   98%         5    ######.


Dungeon Overview and Level Annotations

Branches:
Dungeon (10/15)            Temple (1/1) D:6             Orc (0/2) D:9
   Lair: D:8-11

Altars:
Ashenzari
Cheibriados
Dithmenos
Elyvilon
Fedhas
Gozag
Hepliaklqana
Kikubaaqudgha
Makhleb
Nemelex Xobeh
Okawaru
Qazlal
Ru
Sif Muna
Trog
Uskayaw
Vehumet
Wu Jian
Xom
Yredelemnul
Zin
The Shining One
Lugonu

Shops:
D:5 **

Annotations:
D:4 1 runed translucent door, lavawurm's ghost, novice GrFi
D:10 1 runed translucent door, stripedtigrrr's ghost, journeyman MiBe


Innate Abilities, Weirdness & Mutations

You passively map a small area around you.
You are robust. (+10% HP)


Message History

The two-headed ogre closely misses you.
The two-headed ogre hits you with a +0 giant club.
* * * LOW HITPOINT WARNING * * *
Your magical contamination has completely faded away.
Casting: Stone Arrow (safe; 19% risk of failure)
Confirm with . or Enter, or press ? or * to list all spells.
Aiming: Mephitic Cloud (safe; 14% risk of failure)
Press: ? - help, Shift-Dir - straight line, p - two-headed ogre The ball explodes into a vile cloud!
The stinking cloud engulfs the two-headed ogre but does no damage.
The two-headed ogre is severely wounded.
The two-headed ogre is engulfed in noxious fumes.
The two-headed ogre misses you. You block the two-headed ogre's attack.
You sock the two-headed ogre!
The two-headed ogre is almost dead.
The two-headed ogre is engulfed in noxious fumes.
The two-headed ogre hits you with a +0 giant club!
* * * LOW HITPOINT WARNING * * *
The two-headed ogre hits you with a +0 giant club!
You die...

########## #........# #........#
#☼.☼.....# ####°☼○.....#
#..@O..l....# #####F#######'###
#.....÷.......#
##########.###.##################
...........# #..=>.FlJ.Y.........
#)########## ####.###############
#.# #.###......###### #.#
*###.....####....... #(#
#..####### #######.


You could see a two-headed ogre, a komodo dragon and a bullfrog (confused).

Vanquished Creatures
  A two-headed ogre (D:8)
  A troll (D:7)
  Prince Ribbit (D:7)
  2 hippogriffs
  2 wyverns
  Edmund (D:5)
  A water moccasin (D:10)
  3 orc warriors
  A black bear (D:5)
  A porcupine (D:10)
  A phantom (D:7)
  7 ice beasts
  2 necrophages
  A sky beast (D:7)
  5 ogres
  4 centaurs
  Blork the orc (D:5)
  8 bullfrogs
  A gnoll sergeant (D:9)
  6 scorpions
  15 wights
  24 killer bees
  2 howler monkeys (D:7)
  4 jellies
  5 crimson imps (D:5)
  5 hounds
  2 bullfrog skeletons (D:5)
  9 orc priests
  Natasha (thrice) (D:3)
  A centaur skeleton (D:6)
  11 orc wizards
  3 iguanas
  Ijyb (D:3)
  6 worker ants
  3 worker ant zombies
  12 gnolls
  11 adders
  A howler monkey skeleton (D:7)
  3 shadow imps
  3 oozes
  2 adder skeletons
  2 dart slugs (D:4)
  2 leopard geckos
  50 orcs
  12 giant cockroaches
  7 goblins
  7 hobgoblins
  12 jackals
  5 quokkas
  7 bats
  2 frilled lizards
  7 kobolds
  6 rats
295 creatures vanquished.

Vanquished Creatures (others)
  6 fungi (D:10)
  2 plants (D:10)
  2 withered plants (D:10)
10 creatures vanquished.

Grand Total: 305 creatures vanquished

Notes
Turn   | Place    | Note
-------+----------+-------------------------------------------
     0 | D:1      | milododd the Human Monk began the quest for the Orb.
     0 | D:1      | Reached XP level 1. HP: 18/18 MP: 1/1
   188 | D:1      | Reached XP level 2. HP: 14/24 MP: 2/2
   680 | D:1      | Reached skill level 1 in Armour
   999 | D:1      | Reached XP level 3. HP: 21/29 MP: 3/3
  2797 | D:3      | Noticed Natasha
  3194 | D:3      | Noticed Ijyb
  3267 | D:3      | Gained mutation: You passively map a small area around you.
                  | [potion of mutation]
  3267 | D:3      | Gained mutation: You are robust. (+10% HP) [potion of
                  | mutation]
  3270 | D:3      | Reached XP level 4. HP: 35/38 MP: 4/4
  3314 | D:3      | Killed Ijyb
  3314 | D:3      | Reached skill level 1 in Short Blades
  3502 | D:3      | Killed Natasha
  3502 | D:3      | Reached skill level 1 in Shields
  3502 | D:3      | Reached XP level 5. HP: 40/46 MP: 5/5
  3612 | D:3      | Reached skill level 2 in Short Blades
  3776 | D:3      | Noticed Natasha
  3787 | D:3      | Killed Natasha
  3787 | D:3      | Reached XP level 6. HP: 49/52 MP: 6/6
  3858 | D:3      | Noticed Natasha
  3882 | D:3      | Killed Natasha
  4509 | D:4      | Reached skill level 3 in Short Blades
  4673 | D:4      | Noticed lavawurm's ghost (novice GrFi)
  4680 | D:4      | Found a runed translucent door.
  4821 | D:4      | Reached XP level 7. HP: 56/59 MP: 7/7
  4892 | D:5      | Entered Level 5 of the Dungeon
  4892 | D:5      | Found Qepumn's Assorted Antiques.
  5167 | D:5      | Bought a vibrating marble ring for 110 gold pieces
  5168 | D:5      | Identified the ring of Henotheism {Wiz SInv} (You bought it
                  | in a shop on level 5 of the Dungeon)
  5234 | D:5      | Bought a potion of curing for 66 gold pieces
  5324 | D:5      | Reached skill level 4 in Short Blades
  5482 | D:5      | Noticed Edmund
  5503 | D:5      | Killed Edmund
  5503 | D:5      | Reached XP level 8. HP: 52/67 MP: 8/8
  5814 | D:5      | Found Pyfiuzysh's General Store.
  5815 | D:5      | Noticed Blork the orc
  5837 | D:5      | Killed Blork the orc
  5837 | D:5      | Reached skill level 5 in Fighting
  5837 | D:5      | Reached skill level 5 in Short Blades
  5869 | D:5      | Bought a scroll of identify for 26 gold pieces
  5881 | D:5      | Found a shimmering altar of Xom.
  5987 | D:5      | Found a sparkling altar of Nemelex Xobeh.
  6010 | D:5      | Reached skill level 5 in Dodging
  6356 | D:5      | Found a shimmering altar of Xom.
  6398 | D:5      | Reached XP level 9. HP: 70/74 MP: 9/9
  6941 | D:4      | Reached skill level 6 in Short Blades
  8349 | D:6      | Reached skill level 7 in Short Blades
  8349 | D:6      | Reached skill level 5 in Armour
  8710 | D:6      | Found a staircase to the Ecumenical Temple.
  8817 | Temple   | Entered the Ecumenical Temple
  8888 | Temple   | Became a worshipper of Sif Muna the Loreminder
  8888 | Temple   | Reached * piety under Sif Muna
  8888 | Temple   | Reached ** piety under Sif Muna
  8947 | D:7      | Noticed Prince Ribbit
  8974 | D:7      | Killed Prince Ribbit
  8974 | D:7      | Reached XP level 10. HP: 61/83 MP: 10/10
  9004 | D:7      | Reached skill level 5 in Shields
  9006 | D:7      | Got an ichor-stained ring mail
  9017 | D:7      | Identified the cursed +1 ring mail of Fadach {rF+ MP+9}
                  | (You found it on level 7 of the Dungeon)
  9124 | D:7      | Learned a level 1 spell: Sting
  9127 | D:7      | Learned a level 2 spell: Poisonous Vapours
  9131 | D:7      | Learned a level 3 spell: Mephitic Cloud
  9393 | D:7      | Reached skill level 8 in Short Blades
 10035 | D:7      | Got an ebony mace
 10036 | D:7      | Identified the +4 mace "Kyacot" {venom, *Noise rF+ Str+2
                  | Dex+6} (You found it on level 7 of the Dungeon)
 10311 | D:7      | Reached skill level 1 in Poison Magic
 10327 | D:7      | Reached skill level 1 in Spellcasting
 10327 | D:7      | Reached skill level 1 in Conjurations
 11663 | D:8      | Noticed a two-headed ogre
 11680 | D:8      | Killed a two-headed ogre
 11680 | D:8      | Reached skill level 1 in Maces & Flails
 11680 | D:8      | Reached XP level 11. HP: 45/91 MP: 14/14
 12732 | D:9      | Learned a level 3 spell: Stone Arrow
 12924 | D:9      | Reached *** piety under Sif Muna
 13603 | D:9      | Found a staircase to the Orcish Mines.
 14020 | D:10     | Entered Level 10 of the Dungeon
 14050 | D:10     | Found a corrupted altar of Lugonu.
 14051 | D:10     | Noticed a salamander
 14073 | D:10     | Reached **** piety under Sif Muna
 14275 | D:10     | Found a runed translucent door.
 14276 | D:10     | Noticed stripedtigrrr's ghost (journeyman MiBe)
 14396 | D:10     | Noticed a two-headed ogre
 14491 | D:10     | Slain by a two-headed ogre

Levels and vault maps discovered:
D:1:      dpeg_arrival_chase, layout_basic
D:2:      layout_basic
D:3:      minmay_roachtagon, layout_basic, uniq_ijyb, uniq_natasha
D:4:      layout_loops_ring, hellmonk_ghost_happy_afterlife, kennysheep_dice
D:5:      layout_basic, led_xom_imps, basic_altar, serial_shops, shop, shop,
          first_ration, nemelex_dance_club_becter, uniq_edmund,
          uniq_blork_the_orc
D:6:      layout_gridville, minmay_temple_entry_drinking_statues
D:7:      layout_loops_corners, uniq_prince_ribbit1
D:8:      layout_loops_ring
D:9:      layout_roguey, orc_0_dummy
D:10:     gammafunk_corrupted_shrine, layout_basic,
          grunt_lair_entry_orc_guard_hut, gammafunk_ghost_grave, grunt_ogre_cave
Temple:   dpeg_three_leaves_temple

Skill      XL: |  1  2  3  4  5  6  7  8  9 10 11 |
---------------+----------------------------------+-----
Armour         | 1 2 3 4 5 6 |  6.5
Short Blades   | 1 2 3 4 5 7 8 |  8.1
Shields        | 1 2 3 4 5 |  5.4
Fighting       | 4 5 6 7 |  7.3
Dodging        | 4 5 6 7 |  7.4
Poison Magic   | 2 4 |  4.3
Spellcasting   | 2 3 |  3.9
Conjurations   | 2 4 |  4.2
Maces & Flails | 1 2 |  2.4
Stealth        | |  2.0
Unarmed Combat | |  3.0

Action                   |  1- 3 |  4- 6 |  7- 9 | 10-12 || total
-------------------------+-------+-------+-------+-------++-------
Melee: Unarmed           |    36 |       |       |       ||    36
       Dagger            |   212 |   159 |   501 |    91 ||   963
       Mace              |       |       |       |   411 ||   411
 Fire: Hunting sling     |       |     6 |    43 |    43 ||    92
Throw: Dart              |       |    12 |    24 |     6 ||    42
       Boomerang         |       |     4 |       |       ||     4
 Cast: Sting             |       |       |       |     9 ||     9
       Poisonous Vapours |       |       |       |    15 ||    15
       Mephitic Cloud    |       |       |       |     6 ||     6
       Stone Arrow       |       |       |       |    17 ||    17
Evoke: Wand              |       |     1 |     5 |     5 ||    11
  Use: Potion            |     2 |       |       |     1 ||     3
       Scroll            |     1 |       |    15 |     5 ||    21
 Stab: Sleeping          |     1 |       |       |     1 ||     2
       Confused          |       |     2 |       |     1 ||     3
       Fleeing           |       |       |     2 |       ||     2
  Eat: Chunk             |     4 |     5 |    21 |    23 ||    53
       Ration            |     1 |       |     1 |       ||     2
Armor: Robe              |    40 |       |       |       ||    40
       Leather armour    |    24 |     6 |       |       ||    30
       Scale mail        |       |    47 |   138 |     2 ||   187
       Ring mail         |       |       |       |   116 ||   116
Dodge: Dodged            |   168 |    58 |   154 |   367 ||   747
Block: Buckler           |    35 |    15 |    73 |   181 ||   304

Table legend:
 A = Non-vault XP
 B = Vault XP
 C = Vault XP percentage of total XP
 D = Non-vault monster count
 E = Vault monster count
 F = Vault count percentage of total count
                 A         B        C        D         E       F
            +---------+---------+-------+---------+---------+-------
      Total |   11163 |    1140 |   9.3 |     270 |      25 |   8.5
            +---------+---------+-------+---------+---------+-------
        D:1 |      38 |       0 |   0.0 |      23 |       0 |   0.0
        D:2 |      15 |       0 |   0.0 |       9 |       0 |   0.0
        D:3 |     214 |      97 |  31.2 |      26 |      13 |  33.3
        D:4 |     476 |      46 |   8.8 |      18 |       2 |  10.0
        D:5 |    1061 |     578 |  35.3 |      28 |       8 |  22.2
        D:6 |    1135 |       0 |   0.0 |      31 |       0 |   0.0
        D:7 |    2386 |     283 |  10.6 |      36 |       1 |   2.7
        D:8 |    2478 |       0 |   0.0 |      31 |       0 |   0.0
        D:9 |    2009 |       0 |   0.0 |      53 |       0 |   0.0
       D:10 |    1351 |     136 |   9.1 |      15 |       1 |   6.2
            +---------+---------+-------+---------+---------+-------
